 Dungeon Crawl Stone Soup version 0.28-a0-1624-g820543e53a (webtiles) character file.

Game seed: 1310556555202471775

50709 avis the Executioner (level 14, -1/121 HPs)
             Began as a Hill Orc Monk on Jan 23, 2022.
             Was a High Priest of Beogh.
             Slain by a wolf spider (10 damage)
             ... led by a torpor snail
             ... on level 1 of the Spider Nest on Jan 24, 2022.
             The game lasted 03:09:24 (27780 turns).

avis the Executioner (Hill Orc Monk)               Turns: 27780, Time: 03:09:24

Health: -1/121     AC: 29    Str: 23    XL:     14   Next: 56%
Magic:  28/28      EV: 11    Int: 12    God:    Beogh [*****.]
Gold:   1373       SH:  0    Dex: 21    Spells: 13/13 levels left

rFire   . . .      SeeInvis .   a - +4 executioner's axe (chaos)
rCold   . . .      Faith    .   (shield currently unavailable)
rNeg    + . .      Spirit   .   n - +8 chain mail "Jawnolefuz" {Fly rN+ Regen+ Stlth-}
rPois   .          Reflect  .   h - +2 helmet
rElec   +          Harm     .   m - +1 cloak
rCorr   .          Rampage  .   J - +0 pair of gloves
Will    +....                   l - +0 pair of boots
Stlth   ..........              T - amulet "Zypaliwn" {RegenMP Dex+4}
HPRegen 1.10/turn               v - +6 ring of strength
MPRegen 0.61/turn               V - ring "Nog Net" {rElec AC+4 Dex+4}

@: flying, slowed, very slow
A: walk on water
a: Renounce Religion, Smiting, Recall Orcish Followers, Give Item to Named
Follower


You were on level 1 of the Spider Nest.
You worshipped Beogh.
Beogh was extremely pleased with you.
You visited 4 branches of the dungeon, and saw 19 of its levels.
You also visited: Bailey.

You collected 1573 gold pieces.
You spent 200 gold pieces at shops.

Inventory:

Hand Weapons
 a - a +4 executioner's axe of chaos (weapon)
 b - a +3 broad axe of draining
 w - a +2 morningstar of freezing
Missiles
 K - 2 throwing nets (quivered)
Armour
 h - a +2 helmet (worn)
 l - a +0 pair of boots (worn)
 m - a +1 cloak (worn)
 n - the +8 chain mail "Jawnolefuz" (worn) {Fly rN+ Regen+ Stlth-}
   (You found it on level 4 of the Lair of Beasts)

   rN:        It protects you from negative energy.
   Fly:       It grants you flight.
   Regen:     It increases your rate of health regeneration.
   Stlth:     It makes you less stealthy.
 J - a +0 pair of gloves (worn)
Jewellery
 v - a +6 ring of strength (left hand)
 T - the amulet "Zypaliwn" (around neck) {RegenMP Dex+4}
   (You found it in a bailey)

   [amulet of magic regeneration]

   It increases your rate of magic regeneration.
   Dex:       It affects your dexterity (+4).
 V - the ring "Nog Net" (right hand) {rElec AC+4 Dex+4}
   (You found it in a bailey)

   [ring of protection]

   AC:        It affects your AC (+4).
   Dex:       It affects your dexterity (+4).
   rElec:     It insulates you from electricity.
Wands
 f - a wand of flame (19)
 i - a wand of polymorph (5)
 y - a wand of charming (6)
 z - a wand of mindburst (18)
 I - a wand of digging (4)
 Q - a wand of iceblast (11)
 S - a wand of paralysis (7)
Scrolls
 g - 3 scrolls of fear
 k - a scroll of magic mapping
 B - 7 scrolls of teleportation
 C - 6 scrolls of summoning
 E - a scroll of amnesia
 F - a scroll of holy word
 O - a scroll of blinking
Potions
 c - a potion of cancellation
 d - 7 potions of curing
 p - 2 potions of brilliance
 q - a potion of berserk rage
 G - 5 potions of might
 H - 4 potions of lignification
 L - 4 potions of haste
 M - 6 potions of heal wounds
 P - a potion of ambrosia
Miscellaneous
 r - a phantom mirror
 t - a condenser vane
 u - a phantom mirror
 x - a piece from Xom's chessboard (15/15)


   Skills:
 - Level 10.0 Fighting
 * Level 23.3 Axes
 - Level 5.0 Armour
 - Level 5.0 Dodging
 - Level 1.5 Stealth
 - Level 20.0 Invocations
 - Level 5.0 Evocations


You had 13 spell levels left.
You didn't know any spells.
Your spell library contained the following spells:

 Spells                   Type           Power      Damage    Failure   Level
 Animate Skeleton         Necr           0%         N/A       94%         1
 Apportation              Tloc           0%         N/A       94%         1
 Freeze                   Ice            0%         1d3       94%         1
 Summon Small Mammal      Summ           0%         N/A       94%         1
 Corpse Rot               Necr/Air       0%         N/A       98%         2
 Poisonous Vapours        Pois/Air       0%         N/A       98%         2
 Frozen Ramparts          Ice            0%         1d2       100%        3
 Ozocubu's Armour         Ice            0%         N/A       100%        3
 Dispel Undead            Necr           0%         3d6       100%        4
 Fulminant Prism          Conj/Hex       0%         3d6       100%        4
 Hailstorm                Conj/Ice       0%         3d3       100%        4
 Iskenderun's Mystic Bla  Conj/Tloc      0%         2d3       100%        4
 Lee's Rapid Deconstruct  Erth           0%         3d5*      100%        5
 Metabolic Englaciation   Hex/Ice        0%         N/A       100%        5
 Death Channel            Necr           0%         N/A       100%        6
 Simulacrum               Ice/Necr       0%         N/A       100%        6


Dungeon Overview and Level Annotations

Branches:
Dungeon (11/15)            Temple (1/1) D:4            Lair (6/6) D:11
  Swamp (0/4) Lair:2       Spider (1/4) Lair:2        Slime (0/5) Lair:5
    Orc (0/2) D:11         Bailey (visited)

Altars:
Ashenzari
Cheibriados
Dithmenos
Elyvilon
Fedhas
Gozag
Hepliaklqana
Kikubaaqudgha
Makhleb
Nemelex Xobeh
Okawaru
Qazlal
Ru
Sif Muna
Trog
Uskayaw
Vehumet
Wu Jian
Xom
Yredelemnul
Zin
The Shining One
Beogh

Shops:
D:6 (   D:11 !

Annotations:
D:3 1 runed translucent door, soggyman666's ghost, amateur DjWz


Message History

The wolf spider completely misses you.
The wolf spider bites you but does no damage.
You hear an angry hiss.
The wolf spider hits you.
* * * LOW HITPOINT WARNING * * *
The wolf spider bites you but does no damage.
The demonic crawler hits you but does no damage. x2
The demonic crawler misses you.
The wolf spider hits you but does no damage.
The wolf spider bites you.
* * * LOW HITPOINT WARNING * * *
The jumping spider leaps!
The wolf spider hits you but does no damage.
The wolf spider barely misses you.
The demonic crawler hits you but does no damage. x3
You feel much better. The wolf spider hits you!
* * * LOW HITPOINT WARNING * * *
The wolf spider closely misses you. The demonic crawler misses you.
The demonic crawler hits you but does no damage. x2
The wolf spider barely misses you. x3
The wolf spider bites you but does no damage.
Your orc warrior hits the demonic crawler with a +0 short sword!
The wolf spider hits you but does no damage.
The wolf spider bites you but does no damage.
Your orc warrior hits the demonic crawler with a +2 mace of protection!!
The demonic crawler hits you but does no damage.
The demonic crawler completely misses you.
The demonic crawler hits you but does no damage.
The wolf spider hits you but does no damage.
The wolf spider bites you!
* * * LOW HITPOINT WARNING * * *
The wolf spider hits you.
* * * LOW HITPOINT WARNING * * *
The wolf spider closely misses you.
The demonic crawler shrieks in warning!
The wolf spider hits you but does no damage.
The wolf spider bites you but does no damage.
The demonic crawler shrieks in warning!
The wolf spider hits you!
You die...

##...## ###..##
###....# ##.....##
#..#.. #...<###
#...... #...##
##s^.....
##...#####........
#....##...........
##.@s#.o..........
##ss.so...†......
##.s....).......
#....w.........
##.............
#............=
##............
#...........#
#............


You could see a torpor snail, 2 demonic crawlers, 3 wolf spiders and a friendly
orc warrior (slow).

Vanquished Creatures
  A dire elephant (Lair:6)
  A spark wasp (Spider:1)
  Snorg (Lair:4)
  3 hydras
  A boulder beetle (Lair:5)
  A catoblepas (Lair:6)
  A two-headed ogre (D:11)
  3 death yaks (Lair:6)
  A swamp dragon (Lair:2)
  A steelbarb worm (Spider:1)
  A lindwurm (Lair:4)
  An orc knight (Bailey)
  An ugly thing (D:11)
  5 oklob plants (Lair:5)
  3 elephants (Lair:6)
  A torpor snail (Lair:6)
  2 black mambas
  An unseen horror (D:11)
  6 cane toads
  A rime drake (Lair:6)
  A kobold demonologist (D:10)
  A demonic crawler (Spider:1)
  2 komodo dragons
  A troll (D:9)
  7 polar bears
  Prince Ribbit (D:6)
  7 dream sheep
  16 blink frogs
  2 wyverns (D:9)
  35 yaks
  2 vampires
  A basilisk (Lair:4)
  4 vampire mosquitoes (D:7)
  An acid dragon (D:8)
  Duvessa (D:6)
  9 water moccasins
  2 orc warriors (Bailey)
  An ice beast (D:7)
  2 sky beasts
  A necrophage (D:8)
  A black bear (D:4)
  2 ogres
  22 wolves
  2 centaurs (D:11)
  2 kobold brigands
  8 bullfrogs
  4 scorpions
  Dowan (D:6)
  5 killer bees (D:8)
  7 wights
  An electric eel (Lair:1)
  2 howler monkeys
  A crimson imp (D:8)
  2 lava snakes
  3 centaur zombies
  2 jellies
  5 orc priests
  A centaur skeleton (D:4)
  A bullfrog skeleton (D:4)
  3 hounds
  10 orc wizards
  5 hell rats (Lair:6)
  A hound skeleton (D:4)
  Robin (D:3)
  7 gnolls
  A howler monkey skeleton (D:7)
  7 adders
  A shadow imp (D:6)
  2 white imps
  2 worms
  4 dart slugs
  22 orcs
  5 ball pythons
  7 endoplasms
  8 giant cockroaches
  13 hobgoblins
  4 quokkas
  4 bats
  2 frilled lizards (D:1)
  24 goblins
  24 kobolds
  7 rats
  A bush (Lair:6)
370 creatures vanquished.

Vanquished Creatures (collateral kills)
  3 hydras
  A two-headed ogre (D:10)
  A two-headed ogre (shapeshifter) (Lair:3)
  2 death yaks (Lair:6)
  A deep troll shaman (Lair:6)
  An orb spider (Spider:1)
  A deep elf pyromancer (Bailey)
  A manticore (D:11)
  3 elephants (Lair:6)
  5 black mambas
  8 cane toads
  A kobold demonologist (D:10)
  2 komodo dragons (Lair:3)
  2 rime drakes
  A troll (D:11)
  A hornet (shapeshifter) (Lair:1)
  11 blink frogs
  A polar bear (Lair:6)
  6 dream sheep
  22 yaks
  A basilisk (Lair:5)
  A golden eye (Lair:1)
  6 water moccasins
  5 orc warriors
  A black bear (Lair:3)
  16 wolves
  3 ogres (D:8)
  A centaur (D:8)
  2 kobold brigands
  4 bullfrogs
  A wight (D:10)
  4 electric eels (Lair:1)
  A lava snake (Lair:1)
  4 centaur zombies
  2 hounds (D:8)
  An orc priest (D:11)
  2 gnoll shamans (D:8)
  An orc wizard (D:10)
  A hell rat (Lair:6)
  5 gnolls (D:8)
  7 orcs (D:8)
  2 giant cockroaches (Lair:2)
  A goblin (D:10)
  2 hobgoblins (D:8)
  7 kobolds
  A butterfly (Lair:4)
156 creatures vanquished.

Vanquished Creatures (others)
  An orc priest (Spider:1)
  3 orc warriors
  3 orc wizards
  16 orcs
  60 fungi
  55 plants
138 creatures vanquished.

Grand Total: 664 creatures vanquished

Notes
Turn   | Place    | Note
-------+----------+-------------------------------------------
     0 | D:1      | avis the Hill Orc Monk began the quest for the Orb.
     0 | D:1      | Reached XP level 1. HP: 19/19 MP: 1/1
     6 | D:1      | Noticed a black bear
     6 | D:1      | Noticed a swamp worm
     6 | D:1      | Noticed an anaconda
     8 | D:1      | Noticed an iguana
     8 | D:1      | Noticed a redback
   378 | D:1      | Reached XP level 2. HP: 26/26 MP: 2/2
   600 | D:1      | Reached skill level 5 in Axes
   759 | D:1      | Reached XP level 3. HP: 33/33 MP: 3/3
   959 | D:1      | Found a faded altar of an unknown god.
  1750 | D:2      | Reached skill level 6 in Axes
  1750 | D:2      | Reached XP level 4. HP: 38/40 MP: 4/4
  2655 | D:3      | Found a runed translucent door.
  2656 | D:3      | Noticed soggyman666's ghost (amateur DjWz)
  2967 | D:3      | Identified the +0 helmet of Fedhas's Favour {-Tele rN+
                  | rCorr Str+4}
  2967 | D:3      | Noticed Robin
  2993 | D:2      | Reached skill level 5 in Fighting
  3230 | D:3      | Killed Robin
  3231 | D:3      | Reached XP level 5. HP: 44/48 MP: 5/5
  3595 | D:3      | Reached skill level 7 in Axes
  3795 | D:4      | Noticed a water moccasin
  3795 | D:4      | Found a staircase to the Ecumenical Temple.
  3877 | D:4      | Killed a water moccasin
  3878 | D:4      | Reached skill level 8 in Axes
  3878 | D:4      | Reached XP level 6. HP: 52/56 MP: 6/6
  3955 | D:4      | Identified the +2 shortbow "Ultimatum" {speed, Drain Dex+5}
  4015 | D:4      | Noticed a black bear
  4031 | D:4      | Killed a black bear
  4032 | D:4      | Reached XP level 7. HP: 45/63 MP: 7/7
  4056 | Temple   | Entered the Ecumenical Temple
  4275 | D:4      | Reached skill level 9 in Axes
  4675 | D:4      | Found an ornate altar of the Wu Jian Council.
  4993 | D:5      | Entered Level 5 of the Dungeon
  4997 | D:5      | Found a glowing golden altar of the Shining One.
  5099 | D:5      | Found a white marble altar of Elyvilon.
  5127 | D:5      | You fall into a shaft and drop 1 floor!
  5149 | D:6      | Reached skill level 10 in Axes
  5623 | D:6      | Reached XP level 8. HP: 42/65 MP: 8/8
  5760 | D:6      | Noticed Duvessa
  5760 | D:6      | Noticed Dowan
  5770 | D:6      | Killed Duvessa
  5793 | D:6      | Killed Dowan
  5794 | D:6      | Reached skill level 11 in Axes
  5960 | D:6      | Found Vakhlu's Antique Weapon Boutique.
  5965 | D:6      | Noticed Prince Ribbit
  5977 | D:6      | Killed Prince Ribbit
  5978 | D:6      | Reached skill level 12 in Axes
  6048 | D:5      | Became a worshipper of Beogh the Brigand
  6048 | D:5      | Reached * piety under Beogh
  6048 | D:5      | Reached ** piety under Beogh
  6050 | D:5      | Found an iron altar of Okawaru.
  6105 | D:5      | Found a shimmering altar of Xom.
  6213 | D:5      | Reached skill level 1 in Invocations
  7055 | D:6      | Found a shimmering blue altar of Sif Muna.
  7084 | D:6      | Reached skill level 13 in Axes
  7088 | D:6      | Reached XP level 9. HP: 46/79 MP: 11/11
  7420 | D:6      | Found a shadowy altar of Dithmenos.
  8771 | D:7      | Reached skill level 5 in Invocations
  9293 | D:8      | Reached *** piety under Beogh
  9372 | D:8      | HP: 4/83 [killer bee (1)]
  9718 | D:8      | Found a burning altar of Makhleb.
  9766 | D:8      | Reached skill level 14 in Axes
  9990 | D:8      | Reached XP level 10. HP: 69/91 MP: 15/15
 10567 | D:8      | Gained Herok as an ally
 11614 | D:9      | Gained Orik as an ally
 11621 | D:9      | Reached skill level 15 in Axes
 11623 | D:9      | Reached **** piety under Beogh
 11949 | D:9      | Gained Arkwar as an ally
 12423 | D:9      | Reached skill level 16 in Axes
 12631 | D:10     | Entered Level 10 of the Dungeon
 12641 | D:10     | Identified 3 scrolls of acquirement
 12641 | D:10     | Acquired a +4 executioner's axe of venom
 12781 | D:10     | Found a flagged portal.
 12791 | Bailey   | Entered a bailey
 12870 | Bailey   | Noticed an orc knight
 12890 | Bailey   | Killed an orc knight
 12894 | Bailey   | Reached skill level 10 in Invocations
 13169 | Bailey   | Found a large runed translucent door.
 13169 | Bailey   | Found a large runed translucent door.
 13489 | Bailey   | Noticed a deep elf pyromancer
 13552 | Bailey   | Killed a deep elf pyromancer
 13553 | Bailey   | Reached XP level 11. HP: 97/97 MP: 18/18
 13566 | Bailey   | Identified the +1 scimitar "Gomodgh" {vorpal, rC+ Str+2
                  | Int+4 Dex-5}
 13568 | Bailey   | Identified the amulet "Zypaliwn" {RegenMP Dex+4}
 13574 | Bailey   | Identified the ring "Nog Net" {rElec AC+4 Dex+4}
 13835 | D:4      | Acquired a +3 broad axe of draining
 13837 | D:4      | Acquired a manual of Invocations
 14129 | D:10     | Found a broken altar of Ashenzari.
 14221 | D:10     | Reached skill level 17 in Axes
 14687 | D:10     | Noticed a two-headed ogre
 14693 | D:10     | Killed a two-headed ogre
 15815 | D:11     | Noticed a manticore
 15820 | D:11     | Reached skill level 18 in Axes
 15825 | D:11     | Killed a manticore
 15906 | D:11     | Found a staircase to the Lair.
 15957 | D:11     | Found Dauzang's Distillery.
 15963 | D:11     | Bought a potion of brilliance for 40 gold pieces
 15963 | D:11     | Bought 2 potions of heal wounds for 100 gold pieces
 15963 | D:11     | Bought 2 potions of curing for 60 gold pieces
 16128 | D:11     | Found a staircase to the Orcish Mines.
 16133 | D:11     | Found a roughly hewn altar of Beogh.
 16193 | D:11     | Noticed a two-headed ogre
 16201 | D:11     | Killed a two-headed ogre
 16299 | D:11     | Noticed a brown ugly thing
 16312 | D:11     | Killed a brown ugly thing
 16315 | D:11     | Reached skill level 15 in Invocations
 16681 | Lair:1   | Entered Level 1 of the Lair of Beasts
 16892 | Lair:1   | Reached XP level 12. HP: 78/104 MP: 24/24
 17096 | Lair:1   | Reached skill level 1 in Armour
 17568 | Lair:1   | Reached ***** piety under Beogh
 19356 | Lair:2   | Gained Brandogh as an ally
 19421 | Lair:2   | Reached skill level 5 in Armour
 19549 | Lair:2   | Found a staircase to the Swamp.
 19665 | Lair:2   | Found a hole to the Spider Nest.
 19672 | Lair:2   | Gained Bladwarg as an ally
 20347 | Lair:3   | Noticed a six-headed hydra
 20354 | Lair:3   | Killed a six-headed hydra
 20649 | Lair:3   | Reached skill level 5 in Dodging
 21238 | Lair:3   | Noticed an eight-headed hydra
 21247 | Lair:3   | Killed an eight-headed hydra
 21253 | Lair:3   | Noticed a two-headed ogre
 21253 | Lair:3   | a glowing shapeshifter changed into a two-headed ogre
 21255 | Lair:3   | Killed a two-headed ogre
 21465 | Lair:3   | Reached XP level 13. HP: 111/111 MP: 27/27
 21529 | Lair:3   | Reached skill level 19 in Axes
 22021 | Lair:4   | Noticed Snorg
 22033 | Lair:4   | Killed Snorg
 23356 | Lair:4   | Reached skill level 10 in Fighting
 23860 | Lair:5   | Reached skill level 20 in Axes
 24155 | Lair:5   | Reached skill level 1 in Evocations
 25397 | Lair:5   | Found a staircase to the Slime Pits.
 25685 | Lair:4   | Identified the +8 chain mail "Jawnolefuz" {Fly rN+ Regen+
                  | Stlth-}
 25896 | Lair:6   | Entered Level 6 of the Lair of Beasts
 26041 | Lair:6   | Reached skill level 21 in Axes
 26155 | Lair:6   | Reached XP level 14. HP: 119/121 MP: 28/28
 26247 | Lair:6   | Reached skill level 5 in Evocations
 26472 | Lair:6   | Reached skill level 22 in Axes
 26906 | Lair:6   | Noticed a dire elephant
 26915 | Lair:6   | Killed a dire elephant
 26976 | Lair:6   | Gained Warbeogh as an ally
 26983 | Lair:6   | Reached skill level 23 in Axes
 27723 | Spider:1 | Entered Level 1 of the Spider Nest
 27780 | Spider:1 | Slain by a wolf spider

Illustrated notes

Levels and vault maps discovered:
D:1:      onia_arrival_zoo_common, layout_basic,
          hellmonk_ecumenical_altar_crossroads, minmay_cut_off
D:2:      layout_basic, minmay_puff
D:3:      layout_basic, gammafunk_ghost_grave, uniq_robin
D:4:      layout_gridville, mainiacjoe_overflow_alcove_2,
          minmay_temple_entry_trees, kennysheep_generic_room_12
D:5:      layout_basic, mainiacjoe_overflow_catch_the_wave,
          mainiacjoe_overflow_paths, mainiacjoe_overflow_boulevard
D:6:      layout_loops_cross, old_standard_altar,
          mainiacjoe_overflow_concentric_impassable, serial_shops,
          nicolae_stop_n_shop_1, uniq_duvessa, uniq_prince_ribbit1
D:7:      layout_basic
D:8:      kennysheep_housing_project, layout_basic, makhleb_grotto_becter,
          special_room [special_room_orc]
D:9:      layout_rooms
D:10:     layout_long_grid, ashenzari_conservatory_becter, enter_bailey_3,
          minmay_between
D:11:     layout_long_grid, lair_entry_dummy, minmay_orc_entry_temple_small,
          serial_shops, shop, kennysheep_potato
Temple:   cyrus_circular_temple
Lair:1:   layout_layer_cave, nicolae_lair_liquid_snakes
Lair:2:   layout_cave_pods, minmay_swamp_entry_reptiles,
          nicolae_spider_entry_non_spiders
Lair:3:   layout_regular_city, chequers_serial_rivers_micro_a,
          grunt_megastairs_2
Lair:4:   layout_concentric_octagons, nicolae_lair_lindhole,
          lemuel_fruit_fields, uniq_snorg
Lair:5:   layout_misc_corridors, minmay_slime_entry_oklob_enclosed,
          serial_bayou_shore_b
Lair:6:   grunt_lair_end_beastmaster, layout_regular_city, wad_woods_road_05
Spider:1: cheibrodos_spider_deadly_dance, guppyfry_hornet_nest, uniq_azrael

Skill      XL: |  1  2  3  4  5  6  7  8  9 10 11 12 13 14 |
---------------+-------------------------------------------+-----
Axes           | 5 6 8 10 13 14 16 18 21 23 | 23.3
Fighting       | 4 5 6 7 9 10 | 10.0
Invocations    | 2 6 10 17 20 | 20.0
Armour         | 5 |  5.0
Dodging        | 5 |  5.0
Evocations     | 4 5 |  5.0
Stealth        | |  1.5

Action                   |  1- 3 |  4- 6 |  7- 9 | 10-12 | 13-15 || total
-------------------------+-------+-------+-------+-------+-------++-------
Melee: Hand axe          |   146 |    34 |   152 |       |       ||   332
       Whip              |       |   117 |     4 |       |       ||   121
       War axe           |       |       |   247 |   107 |       ||   354
       Punch             |       |       |     4 |       |     1 ||     5
       Mace              |       |       |     4 |       |       ||     4
       Flail             |       |       |       |    43 |       ||    43
       Executioner's axe |       |       |       |   207 |   321 ||   528
       Broad axe         |       |       |       |    25 |     6 ||    31
       Morningstar       |       |       |       |     7 |    13 ||    20
 Fire: Hunting sling     |       |       |     8 |       |       ||     8
Throw: Dart              |       |     4 |    24 |       |       ||    28
Invok: Convert to Beogh  |       |       |     1 |       |       ||     1
       Smiting           |       |       |       |     3 |    11 ||    14
       Recall Orcish Fol |       |       |       |     7 |     9 ||    16
       Stop Recall       |       |       |       |     3 |     6 ||     9
       Give Item to Name |       |       |       |     1 |       ||     1
Evoke: Wand              |       |       |    10 |     2 |       ||    12
  Use: Scroll            |     5 |     1 |     6 |    16 |     3 ||    31
       Potion            |       |       |     3 |     1 |     3 ||     7
 Stab: Sleeping          |     3 |       |       |     3 |       ||     6
       Distracted        |     1 |       |       |     5 |     5 ||    11
       Paralysed         |       |       |     3 |     2 |     1 ||     6
       Petrifying        |       |       |       |     1 |       ||     1
Armor: Robe              |     9 |       |       |       |       ||     9
       Leather armour    |    21 |     8 |       |       |       ||    29
       Chain mail        |       |    92 |   230 |       |   155 ||   477
       Ring mail         |       |       |       |   225 |    96 ||   321
Dodge: Dodged            |    72 |    60 |    94 |   197 |   228 ||   651
Block: Kite shield       |       |       |    92 |    34 |       ||   126

Table legend: (Time is in decaauts)
 A = Elapsed time spent in this place.
 B = Non-inter-level travel time spent in this place.
 C = Inter-level travel time spent in this place.
 D = Time resting spent in this place.
 E = Time spent auto-exploring this place.
 F = Levels seen in this place.
 G = Mean time per level.
                   A        B        C        D        E       F      G
               +--------+--------+--------+--------+--------+-----+--------+
         Total |  27881 |  23484 |   4397 |   6044 |  10090 |  20 | 1394.1 |
       Dungeon |  16075 |  13181 |   2894 |   3298 |   5486 |  11 | 1461.4 |
        Temple |    462 |    453 |      9 |    122 |     37 |   1 |  462.0 |
          Lair |  10454 |   8961 |   1493 |   2116 |   4566 |   6 | 1742.3 |
   Spider Nest |     57 |     57 |      0 |      0 |      0 |   1 |   57.0 |
        Bailey |    831 |    831 |      0 |    508 |      0 |   1 |  831.0 |
               +--------+--------+--------+--------+--------+-----+--------+

Top non-repeatable levels by time:
  Lair:1: 2500 daAuts
     D:8: 2342 daAuts
     D:5: 1751 daAuts
  Lair:3: 1746 daAuts
  Lair:5: 1734 daAuts
     D:6: 1715 daAuts
  Lair:2: 1626 daAuts
  Lair:4: 1581 daAuts
     D:7: 1553 daAuts
     D:1: 1450 daAuts
     D:2: 1382 daAuts
    D:10: 1363 daAuts
     D:4: 1320 daAuts
  Lair:6: 1265 daAuts
    D:11: 1241 daAuts
